 Dungeon Crawl Stone Soup version 0.31-a0-889-g1a8549509d (webtiles) character file.

Game seed: 16272078567189440698

658 lunkers the Grappler (level 8, -6/59 HPs)
             Began as a Meteoran Shapeshifter on Oct 12, 2023.
             Mangled by a steam dragon (7 damage)
             ... on level 5 of the Dungeon on Oct 16, 2023.
             The game lasted 00:08:52 (2039 turns).

lunkers the Grappler (Meteoran Shapeshifter)        Turns: 2039, Time: 00:08:53

Health: -6/59      AC:  6    Str: 17    XL:     8   Next: 11%
Magic:  9/9        EV: 12    Int: 11    God:
Gold:   180        SH:  0    Dex: 27    Spells: 7/7 levels left

rFire   . .          .
                       - Unarmed
rCold   . . .        (no shield)
rNeg    . . .        i - +1 ring mail
rPois   .            (helmet currently unavailable)
rElec   .            (cloak currently unavailable)
rCorr   .            (gloves currently unavailable)
SInv    .            (boots currently unavailable)
Will    +....        (no amulet)
Stlth   +            o - +6 ring of dexterity
HPRegen 0.29/turn    q - +6 ring of dexterity
MPRegen 0.11/turn

%: no passive effects
@: beast-form, glowing
A: beast (slay +3), sense surroundings 1, otherworldly, glowing, explore regen
a: Begin Untransformation


You were on level 5 of the Dungeon.
You were a hulking beast.
You visited 1 branch of the dungeon, and saw 5 of its levels.

You collected 180 gold pieces.

Inventory:

Missiles
 a - 3 throwing nets
Armour
 i - a +1 ring mail (worn)
Jewellery
 f - a ring of see invisible
 o - a +6 ring of dexterity (left hand)
 q - a +6 ring of dexterity (right hand)
 v - a ring of poison resistance
Talismans
 c - a beast talisman (active)
 d - a flux talisman
Scrolls
 e - a scroll of blinking
 g - a scroll of enchant armour
 m - a scroll of poison
 p - a scroll of noise {unknown}
 s - a scroll of identify
 t - a scroll of teleportation
 u - a scroll of revelation {unknown}
Potions
 b - 2 potions of lignification
 h - a potion of enlightenment
 j - a potion of resistance
 k - a potion of invisibility
 l - a potion of ambrosia {unknown}
 n - 2 potions of curing {unknown}
 r - a potion of mutation {unknown}


   Skills:
 - Level 1.1 Fighting
 - Level 2.1 Dodging
 * Level 8.6 Unarmed Combat
 + Level 6.2 Shapeshifting


You had 7 spell levels left.
You didn't know any spells.
Your spell library contained the following spells:

 Spells                   Type           Power      Damage    Failure   Level
 Foxfire                  Conj/Fire      0%         2x1d4     54%         1
 Tukima's Dance           Hex            0%         N/A       89%         3
 Animate Armour           Summ/Erth      0%         N/A       100%        4
 Dimensional Bullseye     Hex/Tloc       0%         N/A       100%        4
 Iskenderun's Mystic Bla  Conj/Tloc      0%         2d3       100%        4
 Summon Lightning Spire   Summ/Air       0%         N/A       100%        4
 Lee's Rapid Deconstruct  Erth           0%         3d4*      100%        5
 Plasma Beam              Fire/Air       0%         2x1d10    100%        6
 Starburst                Conj/Fire      0%         6d3       100%        6
 Haunt                    Necr/Summ      0%         N/A       100%        7
 Borgnjor's Revivificati  Necr           0%         N/A       100%        8
 Death's Door             Necr           0%         N/A       100%        9


Dungeon Overview and Level Annotations

Branches:
Dungeon (5/15) Zot: 984
 Temple: D:4-7

Altars:

Annotations:
D:3 1 transporter


Innate Abilities, Weirdness & Mutations

You are a hulking beast.
Your limbs bulge with bestial killing power. (Slay +3)
You passively map a small area around you.
You are easily found by Zot.
You glow in the dark.
You regain HP and MP as you explore.


Message History

The scorpion closely misses you.
Unknown command.
Unknown command.
You punch the scorpion!
You kill the scorpion!
The fungus is engulfed in a cloud of scalding steam.
A nearby fungus withers and dies.
The steam dragon bites you but does no damage.
The steam dragon barely misses you.
Unknown command.
You hit the steam dragon but do no damage.
The steam dragon bites you.
* * * LOW HITPOINT WARNING * * *
The steam dragon claws you but does no damage.
You hit the steam dragon. You punch the steam dragon.
The steam dragon is moderately wounded.
The steam dragon closely misses you.
The steam dragon claws you but does no damage.
You completely miss the steam dragon.
The steam dragon is moderately wounded.
You punch the steam dragon!
The steam dragon is severely wounded.
The steam dragon barely misses you.
The steam dragon claws you but does no damage.
You hit the steam dragon.
The steam dragon is severely wounded.
The steam dragon breathes steam at you. The ball of steam hits you!!
* * * LOW HITPOINT WARNING * * *
You closely miss the steam dragon.
The steam dragon is severely wounded.
You are engulfed in a cloud of scalding steam.
* * * LOW HITPOINT WARNING * * *
The steam dragon misses you. The steam dragon closely misses you.
You hit the steam dragon.
The steam dragon is severely wounded.
You are engulfed in a cloud of scalding steam.
* * * LOW HITPOINT WARNING * * *
The steam dragon bites you!
You die...

,# #.##.##..###..... *
#.*,* #....##..##......
*.#.###.....#..##......
, .....................
#.###.....#.........#
#.###....##...#.###.#
,* #...§§..#####.#.#
#.# #...§.§## #.#.# #.#
#~.§h§§### #.#.# #.# *
#^.§D§≈#.####.#.# #..
##..^§.#........###..
#....##...##.#...... ,
#....#.........###..
#~.^##....##.#.###..
#..~#..(#.#........#
#...#..###...#.##### ,
##..#.##.#.# #


You could see a steam dragon (catching breath).

Vanquished Creatures
  A black bear (D:4)
  2 scorpions (D:5)
  A howler monkey (D:5)
  3 quasits (D:3)
  3 hounds
  A gnoll bouda (D:3)
  An iguana (D:4)
  A sleepcap (D:5)
  The ghost of relicbr the Sneak, a weakling SpWn of Hepliaklqana (D:3)
  9 gnolls
  3 adders
  2 worms
  A dart slug (D:1)
  4 orcs
  2 bats (D:3)
  2 endoplasms
  3 goblins
  3 hobgoblins
  5 jackals
  4 quokkas
  3 ball pythons
  3 frilled lizards
  5 kobolds
  2 rats
65 creatures vanquished.

Notes
Turn   | Place    | Note
-------+----------+-------------------------------------------
     0 | D:1      | lunkers the Meteoran Shapeshifter began the quest for the
                  | Orb.
     0 | D:1      | Reached XP level 1. HP: 16/16 MP: 2/2
    47 | D:1      | Reached XP level 2. HP: 21/23 MP: 3/3
    53 | D:1      | Reached skill level 4 in Unarmed Combat
   247 | D:1      | Reached XP level 3. HP: 16/28 MP: 4/4
   270 | D:2      | You fall into a shaft and drop 1 floor!
   664 | D:3      | Reached XP level 4. HP: 35/35 MP: 5/5
   732 | D:3      | Found a transporter.
   733 | D:3      | Noticed relicbr's ghost (weakling SpWn)
   770 | D:3      | Found a transporter.
   819 | D:3      | Reached skill level 5 in Unarmed Combat
  1189 | D:4      | Upgraded the game from 0.31-a0-875-g02e7d12df6 to
                  | 0.31-a0-889-g1a8549509d
  1250 | D:3      | Reached XP level 5. HP: 36/40 MP: 6/6
  1260 | D:3      | Killed relicbr's ghost
  1261 | D:3      | Reached skill level 6 in Unarmed Combat
  1272 | D:3      | Reached XP level 6. HP: 39/47 MP: 7/7
  1355 | D:3      | Reached skill level 5 in Shapeshifting
  1376 | D:4      | HP: 2/47 [gnoll/+0 spear[a gnoll bouda] (1)]
  1499 | D:4      | Reached skill level 7 in Unarmed Combat
  1549 | D:4      | Reached XP level 7. HP: 45/52 MP: 8/8
  1766 | D:5      | Entered Level 5 of the Dungeon
  1778 | D:5      | Reached skill level 8 in Unarmed Combat
  2023 | D:5      | Reached XP level 8. HP: 59/59 MP: 9/9
  2027 | D:5      | Noticed a steam dragon
  2039 | D:5      | HP: 1/59 [steam dragon] (3)]
  2039 | D:5      | Mangled by a steam dragon

Illustrated notes

Levels and vault maps discovered:
D:1:      scummos_arrival_hexagon, layout_loops_ring,
          hellmonk_ecumenical_altar_inner_sanctum
D:2:      layout_loops_cross, minmay_misc_feat_square, minmay_crystal_room,
          hangedman_decor_clover_reticule
D:3:      layout_loops_ring, gammafunk_ghost_stat_death, serial_bayou_pond_e,
          minmay_checkerbox
D:4:      layout_cave_pools, tgw_xom
D:5:      kennysheep_steamy, layout_loops_ring, minmay_temple_entry_mini_moons

Skill      XL: |  1  2  3  4  5  6  7 |
---------------+----------------------+-----
Unarmed Combat | 4 5 6 7 8 |  8.6
Shapeshifting  | 4 5 6 |  6.2
Fighting       | |  1.1
Dodging        | |  2.1

Action                     |  1- 3 |  4- 6 |  7- 9 || total
---------------------------+-------+-------+-------++-------
  Melee: Unarmed           |    56 |   116 |    59 ||   231
         Punch             |     3 |     2 |     3 ||     8
    Use: Scroll            |       |     8 |     1 ||     9
         Potion            |       |     1 |       ||     1
 Armour: Animal skin       |    28 |       |       ||    28
         Ring mail         |     7 |   120 |    56 ||   183
         Skin              |       |    11 |       ||    11
  Dodge: Dodged            |    23 |   109 |    47 ||   179

Table legend: (Time is in decaauts)
 A = Elapsed time spent in this place.
 B = Non-inter-level travel time spent in this place.
 C = Inter-level travel time spent in this place.
 D = Time resting spent in this place.
 E = Time spent auto-exploring this place.
 F = Levels seen in this place.
 G = Mean time per level.
                   A        B        C        D        E       F      G
               +--------+--------+--------+--------+--------+-----+--------+
         Total |   2014 |   1923 |     91 |     18 |   1222 |   5 |  402.8 |
       Dungeon |   2014 |   1923 |     91 |     18 |   1222 |   5 |  402.8 |
               +--------+--------+--------+--------+--------+-----+--------+

Top non-repeatable levels by time:
     D:3: 868 daAuts
     D:2: 328 daAuts
     D:4: 299 daAuts
     D:5: 268 daAuts
     D:1: 250 daAuts
